 Dungeon Crawl Stone Soup version 0.29-a0-1043-g569b05d6ff (webtiles) character file.

Game seed: 16170040388162325112

12 KleinerIrrer the Vexing (level 2, -1/21 HPs)
             Began as a Formicid Arcane Marksman on Aug 16, 2022.
             Slain by an adder (2 damage)
             ... on level 1 of the Dungeon.
             The game lasted 00:01:31 (977 turns).

KleinerIrrer the Vexing (Formicid Arcane Marksman)   Turns: 977, Time: 00:01:32

Health: -1/21      AC:  2    Str: 13    XL:     2   Next: 45%
Magic:  0/3        EV: 12    Int: 16    God:
Gold:   40         SH:  0    Dex: 13    Spells: 2/3 levels left

rFire   . . .      SeeInvis +   a - +1 sling
rCold   . . .      Faith    .   (no shield)
rNeg    . . .      Spirit   .   c - +0 robe
rPois   .          Reflect  .   (helmet unavailable)
rElec   .          Harm     .   (no cloak)
rCorr   .          Rampage  .   (no gloves)
Will    +....                   (no boots)
Stlth   +.........              (no amulet)
HPRegen 0.07/turn               (no ring)
MPRegen 0.08/turn               (no ring)

@: lethally poisoned (-1 -> -7)
A: permanent stasis, dig shafts and tunnels, antennae 3, four strong arms,
clever 1, strong-willed 1
a: Dig, Shaft Self


You were on level 1 of the Dungeon.
You visited 1 branch of the dungeon, and saw 2 of its levels.

You collected 40 gold pieces.

Inventory:

Hand Weapons
 a - a +1 sling (weapon)
Armour
 c - a +0 robe (worn)
Scrolls
 b - a scroll of poison
 d - 2 scrolls of identify {unknown}
 g - a scroll of magic mapping {unknown}
 i - a scroll of fear {unknown}
Potions
 e - a potion of magic


   Skills:
 - Level 1.1 Fighting
 + Level 2.9 Ranged Weapons
 - Level 1.7 Dodging
 - Level 1.1 Spellcasting
 - Level 3.6 Hexes


You had 2 spell levels left.
You knew the following spells:

 Your Spells              Type           Power      Damage    Failure   Level
a - Slow                  Hex            48%        N/A       5%          1

Your spell library contained the following spells:

 Spells                   Type           Power      Damage    Failure   Level
 Inner Flame              Hex/Fire       6%         N/A       32%         3
 Portal Projectile        Hex/Tloc       12%        N/A       32%         3
 Cause Fear               Hex            6%         N/A       45%         4


Dungeon Overview and Level Annotations

Branches:
Dungeon (2/15)

Altars:


Innate Abilities, Weirdness & Mutations

You cannot be hasted, slowed, berserked, paralysed or teleported.
You can dig through walls and to a lower floor.
You have a pair of large antennae on your head. (SInv)
Your four strong arms can wield two-handed weapons with a shield.
Your mind is acute. (Int +4, Str/Dex -1)
You are strong-willed. (Will+)


Message History

Aiming: Slow (safe; 5% risk of failure)
Press: ? - help, Q - select action, (/) - cycle Shift-Dir - straight line, f/p - adder
Aim: an adder (lightly wounded, slow, chance to affect: 60%)
The adder resists with significant effort.
You feel sick.
You are no longer poisoned.
The adder closely misses you. The rat bites you.
Aiming: Slow (safe; 5% risk of failure)
Press: ? - help, Q - select action, (/) - cycle Shift-Dir - straight line, f/p - adder
Aim: an adder (lightly wounded, slow, chance to affect: 60%)
The adder resists with significant effort.
The adder bites you.
* * * LOW HITPOINT WARNING * * *
You are lethally poisoned!
The adder poisons you! The rat barely misses you.
You aren't carrying any items that you can evoke.
Okay, then.
You don't have enough magic to cast this spell.
Unknown command.
Unknown command.
You don't have enough magic to cast this spell.
Unknown command.
Unknown command.
Okay, then.
Unknown command.
Unknown command.
Unknown command.
Unknown command.
You don't have enough magic to cast this spell.
Unknown command.
Unknown command.
Unknown command.
Fire: a) +1 sling
Press: ? - help, Shift-Dir - straight line, f/p - adder
Aim: an adder (lightly wounded, slow, 35% to hit)
You shoot a sling bullet. The sling bullet hits the adder.
The adder is severely wounded.
* * * LOW HITPOINT WARNING * * *
You feel sick. The adder bites you.
You die...

#.##..# ##...##
#.....### ##.....##
#####.#.## ##.......##
#....####.........###
#.......'.........'..
#....####.........###
#.#.## ##.......##
#.#########.....##
####.#.@S....>#...######
#.......r####..........#
#.##.#.#.# #..#.#####.#
#.##.#.#.####........#.#
#.##.#.#...........#.#.#
#.##......###......#.#.#
#.####.............#.#.#
#.######.#####..........
#........# #.#.###.###


You could see an adder (slow) and a rat.

Vanquished Creatures
  2 endoplasms (D:1)
  A giant cockroach (D:1)
  A goblin (D:1)
  2 quokkas (D:1)
  A ball python (D:1)
  A bat (D:1)
  4 rats (D:1)
12 creatures vanquished.

Notes
Turn   | Place    | Note
-------+----------+-------------------------------------------
     0 | D:1      | KleinerIrrer the Formicid Arcane Marksman began the quest
                  | for the Orb.
     0 | D:1      | Reached XP level 1. HP: 15/15 MP: 2/2
   347 | D:1      | Reached XP level 2. HP: 21/21 MP: 3/3
   948 | D:2      | Found a faded altar of an unknown god.
   961 | D:1      | Gained mutation: Your mind is acute. (Int +4, Str/Dex -1)
                  | [potion of mutation]
   961 | D:1      | Gained mutation: You are strong-willed. (Will+) [potion of
                  | mutation]
   977 | D:1      | HP: 1/21 [poisoned by an adder]
   977 | D:1      | Slain by an adder

Illustrated notes

Levels and vault maps discovered:
D:1:      saegor_arrival_simple_e, layout_loops_corners,
          minmay_misc_feat_encased
D:2:      layout_loops_ring, nicolae_ecumenical_pavilion

Action                   || total
-------------------------++-------
 Fire: Sling             ||    39
 Cast: Slow              ||     3
  Use: Potion            ||     3
Armor: Robe              ||     8
Dodge: Dodged            ||    26

Table legend: (Time is in decaauts)
 A = Elapsed time spent in this place.
 B = Non-inter-level travel time spent in this place.
 C = Inter-level travel time spent in this place.
 D = Time resting spent in this place.
 E = Time spent auto-exploring this place.
 F = Levels seen in this place.
 G = Mean time per level.
                   A        B        C        D        E       F      G
               +--------+--------+--------+--------+--------+-----+--------+
         Total |    987 |    930 |     57 |      0 |    829 |   2 |  493.5 |
       Dungeon |    987 |    930 |     57 |      0 |    829 |   2 |  493.5 |
               +--------+--------+--------+--------+--------+-----+--------+

Top non-repeatable levels by time:
     D:1: 974 daAuts
     D:2: 12 daAuts
